 Dungeon Crawl Stone Soup version 0.28.0 (webtiles) character file.

Game seed: 14109658652241799840

366 browni3141 the Skirmisher (level 6, -5/84 HPs)
             Began as a Minotaur Berserker on Feb 11, 2022.
             Was a Priest of Trog.
             Slain by a hornet (11 damage)
             ... while paralysed by a hornet
             ... on level 5 of the Dungeon.
             The game lasted 00:01:38 (2722 turns).

browni3141 the Skirmisher (Minotaur Berserker)      Turns: 2722, Time: 00:01:39

Health: -5/84      AC:  9    Str: 28    XL:     6   Next: 40%
Magic:  5/5        EV:  2    Int:  4    God:    Trog [***...]
Gold:   163        SH:  0    Dex: 11    Spells: 5/5 levels left

rFire   . . .      SeeInvis .   a - +0 hand axe
rCold   . . .      Faith    .   (no shield)
rNeg    . . .      Spirit   .   d - +0 chain mail
rPois   .          Reflect  .   (helmet restricted)
rElec   .          Harm     .   (no cloak)
rCorr   .          Rampage  .   (no gloves)
Will    .....                   (no boots)
Stlth   ..........              (no amulet)
HPRegen 0.24/turn               f - +6 ring of strength
MPRegen 0.09/turn               (no ring)

@: paralysed, berserking, lethally poisoned (-5 -> -25), slowed
A: horns 2, retaliatory headbutt
a: Renounce Religion, Berserk, Trog's Hand


You were on level 5 of the Dungeon.
You worshipped Trog.
Trog was most pleased with you.
You visited 1 branch of the dungeon, and saw 5 of its levels.

You collected 163 gold pieces.

Inventory:

Hand Weapons
 a - a +0 hand axe (weapon)
Armour
 b - a +0 animal skin
 d - a +0 chain mail (worn)
Jewellery
 f - a +6 ring of strength (left hand)
Scrolls
 c - a scroll of fog {unknown}
 h - a scroll of enchant armour {unknown}
 i - a scroll of amnesia {unknown}
 k - 2 scrolls of identify {unknown}
 l - a scroll of teleportation {unknown}
 m - 2 scrolls of brand weapon {unknown}
 n - a scroll of torment {unknown}
Potions
 e - a potion of flight {unknown}
 g - 2 potions of degeneration {unknown}
 j - 2 potions of curing {unknown}
 o - a potion of mutation {unknown}


   Skills:
 + Level 5.4 Fighting
 + Level 5.3 Axes
 + Level 4.5 Armour
 + Level 4.1 Dodging


You had 5 spell levels left.
You didn't know any spells.
Your spell library was empty.

Dungeon Overview and Level Annotations

Branches:
Dungeon (5/15)             Temple (0/1) D:4

Altars:
The Shining One

Annotations:
D:5 Ijyb


Innate Abilities, Weirdness & Mutations

You have a pair of horns on your head.
You reflexively headbutt those who attack you in melee.


Message History

There are monsters nearby!
There are monsters nearby!
An iguana comes into view.
The iguana hisses angrily.
The hornet buzzes angrily.
The hornet closely misses you. You furiously retaliate!
You headbutt the hornet!
Ijyb zaps a wand.
The puff of flame hits you but does no damage.
The hornet stings you.
You feel yourself slow down.
A red film seems to cover your vision as you go berserk!
You feel yourself moving faster!
You feel mighty!
You feel yourself speed up. The hornet stings you.
You feel yourself slow down.
Ijyb zaps a wand.
The puff of flame hits you. The hornet closely misses you.
Ijyb zaps a wand.
The puff of flame hits you.
You barely miss the iguana. You miss the hornet. The hornet barely misses you.
You furiously retaliate!
You headbutt the hornet! The iguana bites you! The hornet stings you.
You are poisoned.
You feel as though you will be slow longer.
You miss the hornet.
The hornet is heavily wounded.
You slash Ijyb! You hit the iguana.
You feel very sick. The hornet barely misses you. Ijyb barely misses you.
You furiously retaliate!
You headbutt Ijyb, but do no damage. The iguana barely misses you.
You closely miss the iguana.
The iguana is moderately wounded.
You hit the hornet. You hit Ijyb.
You feel sick. The hornet stings you!
You are more poisoned.
You suddenly lose the ability to move!
Ijyb hits you but does no damage. The iguana bites you!
* * * LOW HITPOINT WARNING * * *
The hornet stings you!
* * * LOW HITPOINT WARNING * * *
You are more poisoned.
You feel as though you will be slow longer.
* * * LOW HITPOINT WARNING * * *
You feel very sick. Ijyb hits you but does no damage. The hornet stings you!
You die...

#.....# ####### #....#
#.....#
#######....###.###.#
................>#.####
...........#.#.#.#....#
........####.###.#.##.#
.............# #<...#
.(...(.....g.#.########
####+#....@l......
#.......y###+##
##.........
#......?....
#...##........ ##..
#........ #.. #........
#. .........


You could see a hornet, Ijyb and an iguana.

Vanquished Creatures
  An ogre (D:4)
  A scorpion (D:4)
  2 hounds (D:4)
  A gnoll (D:1)
  7 adders
  2 ufetubi (D:4)
  A dart slug (D:2)
  A worm (D:2)
  2 orcs (D:4)
  9 ball pythons
  6 endoplasms
  4 giant cockroaches
  3 goblins
  7 hobgoblins
  5 quokkas
  4 bats
  6 frilled lizards
  3 jackal skeletons (D:4)
  6 kobolds
  A quokka skeleton (D:4)
  3 rats
75 creatures vanquished.

Vanquished Creatures (others)
  A plant (D:2)
1 creature vanquished.

Grand Total: 76 creatures vanquished

Notes
Turn   | Place    | Note
-------+----------+-------------------------------------------
     0 | D:1      | browni3141 the Minotaur Berserker began the quest for the
                  | Orb.
     0 | D:1      | Reached XP level 1. HP: 19/19 MP: 0/0
    49 | D:1      | Reached XP level 2. HP: 22/27 MP: 1/1
   333 | D:1      | Reached XP level 3. HP: 25/33 MP: 2/2
   413 | D:2      | Reached ** piety under Trog
   946 | D:2      | Reached XP level 4. HP: 28/41 MP: 3/3
  1659 | D:3      | Found a faded altar of an unknown god.
  2139 | D:4      | Found a staircase to the Ecumenical Temple.
  2163 | D:4      | Noticed an ogre
  2170 | D:4      | Killed an ogre
  2171 | D:4      | Reached XP level 5. HP: 47/47 MP: 4/4
  2173 | D:4      | Reached *** piety under Trog
  2244 | D:4      | Reached skill level 5 in Fighting
  2311 | D:4      | Reached skill level 5 in Axes
  2442 | D:4      | Found a glowing golden altar of the Shining One.
  2450 | D:4      | Reached XP level 6. HP: 55/56 MP: 5/5
  2694 | D:5      | Entered Level 5 of the Dungeon
  2714 | D:5      | Noticed Ijyb
  2714 | D:5      | Noticed a hornet
  2721 | D:5      | Paralysed by a hornet for 2 turns
  2722 | D:5      | Slain by a hornet

Illustrated notes

Levels and vault maps discovered:
D:1:      giann_wishing_wells, layout_rooms, minmay_lizard_king
D:2:      layout_loops_ring, serial_bayou_lagoon_a
D:3:      layout_loops_cross, chequers_ecumenical_altar_island
D:4:      layout_cave_pools, mainiacjoe_overflow_alcove_1, temple_statues
D:5:      layout_basic, gammafunk_temple_overflow_claw, uniq_ijyb

Skill      XL: |  1  2  3  4  5 |
---------------+----------------+-----
Fighting       | 4 5 |  5.4
Axes           | 4 5 |  5.3
Armour         | 3 4 |  4.5
Dodging        | 3 4 |  4.1

Action                   |  1- 3 |  4- 6 || total
-------------------------+-------+-------++-------
Melee: Hand axe          |    81 |    71 ||   152
       Headbutt          |    11 |    10 ||    21
       Punch             |     3 |       ||     3
Invok: Berserk           |       |     2 ||     2
Armor: Animal skin       |     4 |       ||     4
       Chain mail        |    40 |    40 ||    80
Dodge: Dodged            |    54 |    44 ||    98
